 Dungeon Crawl Stone Soup version 0.20.0-1-g1cb1d84 (webtiles) character file.

101 straycat the Insei (level 4, 0/34 HPs)
             Began as a Vampire Wanderer on May 26, 2017.
             Killed by divine providence
             ... invoked by an orc priest
              (10 damage)
             ... on level 3 of the Dungeon.
             The game lasted 00:13:49 (2736 turns).

straycat the Insei (Vampire Wanderer)               Turns: 2736, Time: 00:13:50

Health: 0/34       AC:  9    Str: 11    XL:     4   Next: 48%
Magic:  5/5        EV:  9    Int: 14    God:
Gold:   148        SH:  0    Dex: 14    Spells: 5/5 levels left

rFire    . . .     SeeInvis +   a - +2 shortbow
rCold    + + .     Gourm    .   (shield currently unavailable)
rNeg     + + +     Faith    .   z - +0 scale mail
rPois    ∞         Spirit   .   c - +0 helmet
rElec    .         Reflect  .   (no cloak)
rCorr    .         Harm     .   (no gloves)
MR       .....                  (no boots)
Stlth    ++........             (no amulet)
Regen    0.0/turn               q - +2 ring of protection
MPRegen  0.1/turn               (no ring)

@: bloodless, non-regenerating
A: fangs 3, see invisible, unbreathing
a: Bat Form


You were on level 3 of the Dungeon.
You were bloodless.

You visited 1 branch of the dungeon, and saw 3 of its levels.

You collected 148 gold pieces.

Inventory:

Hand Weapons
 a - a +2 shortbow (weapon)
 w - a +0 hand axe
 C - a +2 dagger of draining
Missiles
 b - 6 arrows (quivered)
 g - 50 poisoned needles
 l - 88 stones
 n - 2 javelins
 p - 41 sling bullets
 t - 3 needles of confusion
 u - a throwing net
Armour
 c - a +0 helmet (worn)
 d - a +0 shield
 e - a +0 robe
 i - a +0 plate armour
 j - a +0 ring mail
 z - a +0 scale mail (worn)
 B - a cursed +0 shield
Jewellery
 q - a +2 ring of protection (left hand)
 A - an uncursed ring of flight {unknown}
Scrolls
 h - 4 scrolls of identify {unknown}
 k - 3 scrolls of amnesia {unknown}
 m - 2 scrolls of noise {unknown}
 r - 2 scrolls of remove curse {unknown}
 s - a scroll of random uselessness {unknown}
 x - a scroll of recharging {unknown}
 y - a scroll of teleportation {unknown}
Potions
 f - 21 potions of blood
 o - a potion of might {unknown}
 v - a potion of curing


   Skills:
 + Level 2.5 Fighting
 - Level 1.5 Bows
 - Level 1.0 Armour
 + Level 2.3 Dodging
 - Level 1.5 Stealth
 - Level 1.2 Shields
 * Level 2.7 Unarmed Combat
 - Level 1.0 Spellcasting
   Level 1.5 Translocations


You had 5 spell levels left.
You didn't know any spells.

Dungeon Overview and Level Annotations

Branches:
Dungeon (3/15)

Altars:
Ru
Yredelemnul


Innate Abilities, Weirdness & Mutations

You do not heal naturally.
You are immune to poison.
You have razor-sharp teeth.
You have supernaturally acute eyesight. (SInv)
You can survive without breathing.


Message History

You feel better.
The rat twitches its whiskers.
Firing (i - inventory. (,) - cycle):
b - 8 arrows (quivered)
Press: ? - help, Shift-Dir - straight line, f/p - orc priest
Aim: an orc priest (moderately wounded)
You shoot an arrow.
The arrow closely misses the orc priest.
Firing (i - inventory. (,) - cycle):
b - 7 arrows (quivered)
Press: ? - help, Shift-Dir - straight line, f/p - orc priest
Aim: an orc priest (moderately wounded)
You shoot an arrow. The arrow hits the orc priest!
The orc priest is severely wounded.
The orc priest calls down the wrath of Beogh upon you.
Beogh smites you!
* * * LOW HITPOINT WARNING * * *
The orc priest begins to cast a cantrip, but forgets the words!
You feel better.
The orc priest calls down the wrath of Beogh upon you.
Beogh smites you!
You die...

#. ##.# #. ###. ...#
#.## ####...#..#
#...##.........
#...........##.#
#...##..###....####.##
#...#.....#...(.....<.
####........)...@.r.....
..............[...!.....
###....#......o.........
.#..........>(..........
....##.#....(...........
....##.....>............
.#......................
.#....#..(.(.(..##......
#........)........


You could see an orc priest and a rat.

Vanquished Creatures
  3 adders (D:3)
  An ooze (D:1)
  2 worms (D:2)
  A dart slug (D:2)
  2 leopard geckos
  3 orcs
  6 goblins
  6 hobgoblins (D:1)
  4 kobolds
  A quokka (D:3)
  A ball python (D:1)
  13 bats
  6 frilled lizards
  10 rats
59 creatures vanquished.

Notes
Turn   | Place    | Note
-------+----------+-------------------------------------------
     0 | D:1      | straycat the Vampire Wanderer began the quest for the Orb.
     0 | D:1      | straycat set off with: a +2 shortbow, 24 arrows, a potion of curing, a +0 shield, a +0 robe, a potion of blood
     0 | D:1      | Reached XP level 1. HP: 16/16 MP: 2/2
   337 | D:1      | Reached skill level 1 in Dodging
   499 | D:1      | Reached XP level 2. HP: 22/22 MP: 3/3
   862 | D:1      | Reached skill level 1 in Unarmed Combat
   913 | D:1      | Reached XP level 3. HP: 26/27 MP: 4/4
  1278 | D:2      | Found a basalt altar of Yredelemnul.
  1411 | D:2      | Found a sacrificial altar of Ru.
  2466 | D:3      | Reached XP level 4. HP: 30/34 MP: 5/5
  2736 | D:3      | Killed from afar by an orc priest

Skill      XL: |  1  2  3 |
---------------+----------+-----
Dodging        | 1 2 |  2.3
Fighting       | 2 |  2.5
Unarmed Combat | 1 2 |  2.7
Bows           | |  1.5
Armour         | |  1.0
Stealth        | |  1.5
Shields        | |  1.2
Spellcasting   | |  1.0
Translocations | |  1.5

Action                   |  1- 3 |  4- 6 || total
-------------------------+-------+-------++-------
Melee: Shortbow          |    49 |    10 ||    59
       Bite              |     6 |       ||     6
 Fire: Shortbow          |   122 |    34 ||   156
  Use: Potion            |     1 |     2 ||     3
 Stab: Sleeping          |     1 |       ||     1
Armor: Robe              |     9 |       ||     9
       Ring mail         |    33 |       ||    33
       Scale mail        |     5 |    15 ||    20
Dodge: Dodged            |    67 |    14 ||    81
